 Dungeon Sprint DCSS version 0.20-a0-556-g892c87b (webtiles) character file.

84 dvd the Cudgeler (level 4, -6/73 HPs)
             Began as a Troll Berserker on Feb 4, 2017.
             Was a Believer of Trog.
             Mangled by a killer bee (8 damage)
             ... in the Dungeon (Sprint IV: "Fedhas' Mad Dash").
             The game lasted 00:00:47 (148 turns).

dvd the Cudgeler (Troll Berserker)                   Turns: 148, Time: 00:00:48

Health: -6/73      AC:  5    Str: 30    XL:     4   Next: 23%
Magic:  3/3        EV: 11    Int:  3    God:    Trog [**....]
Gold:   67         SH:  0    Dex: 10    Spells: 3/3 levels left

rFire    . . .     SeeInvis .   a - +0 mace
rCold    . . .     Gourm    +   b - +0 animal skin
rNeg     . . .     Faith    .   (no shield)
rPois    .         Spirit   .   (helmet restricted)
rElec    .         Reflect  .   (no cloak)
rCorr    .         Harm     .   (gloves unavailable)
MR       .....     NoTele   +   (boots unavailable)
Stlth    ..........             (no amulet)
Regen    0.7/turn               (no ring)
                                (no ring)

@: berserking, lethally poisoned (-6 -> -11), very quick
A: unfitting armour, claws 3, fast metabolism 3, gourmand, regeneration 1,
shaggy fur 1, tough skin 2
a: Berserk, Trog's Hand, Burn Spellbooks, Renounce Religion


You were in the Dungeon.
You worshipped Trog.
Trog was pleased with you.
You were very hungry.

You visited 1 branch You collected 67 gold pieces.

Inventory:

Hand Weapons
 a - a +0 mace (weapon)
Armour
 b - a +0 animal skin (worn)
Jewellery
 k - the amulet of invisibility {+Inv}
   (You found it in the Dungeon)

   [amulet of nothing]

   It lets you turn invisible.
Scrolls
 i - a scroll of blinking
 j - 2 scrolls of remove curse {unknown}
Potions
 d - a potion of curing
 e - a potion of heal wounds
 f - a potion of haste
 g - 2 potions of magic
 h - a potion of berserk rage
Comestibles
 c - 2 bread rations


   Skills:
 + Level 4.8 Fighting
 + Level 5.1 Maces & Flails
 + Level 4.5 Dodging


You had 3 spell levels left.
You didn't know any spells.

Dungeon Overview and Level Annotations

Branches:
Dungeon (1/1)

Altars:


Innate Abilities, Weirdness & Mutations

You are too large for most types of armour.
You have claws for hands.
Your metabolism is lightning-fast.
You like to eat raw meat.
Your natural rate of healing is unusually fast.
You are covered in fur. (AC +1)
You have very tough skin. (AC +2)


Message History

The killer bee misses you. The killer bee stings you.
* * * LOW HITPOINT WARNING * * *
You are more poisoned.
The killer bee poisons you! The killer bee closely misses you.
You barely miss the queen bee.
The queen bee is lightly wounded.
* * * LOW HITPOINT WARNING * * *
You feel sick. The killer bee barely misses you.
The queen bee calls on the killer bee to defend it!
The killer bee goes berserk!
The queen bee calls on the killer bee to defend it!
The killer bee goes berserk!
The killer bee barely misses you. The killer bee stings you.
* * * LOW HITPOINT WARNING * * *
The killer bee barely misses you.
You barely miss the queen bee.
The queen bee is lightly wounded.
* * * LOW HITPOINT WARNING * * *
You feel sick. The killer bee stings you!
You die...

##################
#<..P#.....#.....#
#PP..†.....'.#...+
#PPPP#.....#.#...#
###############'##
#...♣y.......'...#
#%.yy@.♣.....#...#
#...yy♣..♣..######
##+####+#####


You could see a queen bee and 4 killer bees.

Vanquished Creatures
  2 oklob saplings (D)
  A worker ant (D)
  A river rat (D)
  A rat (D)
5 creatures vanquished.

Notes
Turn   | Place    | Note
-------+----------+-------------------------------------------
     0 | D        | dvd the Troll Berserker began the quest for the Orb.
     0 | D        | Reached XP level 1. HP: 22/22 MP: 0/0
    13 | D        | Reached skill level 3 in Maces & Flails
    13 | D        | Reached XP level 2. HP: 7/31 MP: 1/1
    45 | D        | Noticed an oklob sapling
    48 | D        | Killed an oklob sapling
    48 | D        | Reached ** piety under Trog
    48 | D        | Reached skill level 4 in Maces & Flails
    48 | D        | Reached XP level 3. HP: 39/39 MP: 2/2
    85 | D        | Noticed an oklob sapling
    92 | D        | Killed an oklob sapling
    92 | D        | Reached skill level 5 in Maces & Flails
    92 | D        | Reached XP level 4. HP: 48/49 MP: 3/3
   138 | D        | Noticed a queen bee
   147 | D        | HP: 3/73 [killer bee (4)]
   148 | D        | Mangled by a killer bee

Vault maps used:
D:        dungeon_sprint_fedhas

Skill      XL: |  1  2  3 |
---------------+----------+-----
Fighting       | 3 4 |  4.8
Maces & Flails | 3 4 5 |  5.1
Dodging        | 3 4 |  4.5

Action                   |  1- 3 |  4- 6 || total
-------------------------+-------+-------++-------
Melee: Mace              |    12 |     7 ||    19
Invok: Berserk           |     3 |     1 ||     4
  Eat: Chunk             |     1 |       ||     1
Armor: Animal skin       |     1 |     4 ||     5
Dodge: Dodged            |     2 |    14 ||    16
